 Dungeon Crawl Stone Soup version 0.27.1-4-g1640c2035a (webtiles) character file.

Game seed: 12915246149756603853

11 ABBCCCDDDD the Sneak (level 2, 0/27 HPs)
             Began as a Hill Orc Delver on Nov 2, 2021.
             Slain by a phantom (6 damage)
             ... on level 3 of the Dungeon.
             The game lasted 00:01:02 (366 turns).

ABBCCCDDDD the Sneak (Hill Orc Delver)               Turns: 366, Time: 00:01:03

Health: 0/27       AC:  6    Str: 14    XL:     2   Next: 25%
Magic:  2/2        EV:  9    Int: 10    God:
Gold:   0          SH:  0    Dex: 12    Spells: 1/1 levels left

rFire    . . .     SeeInvis .   a - +0 hand axe
rCold    . . .     Faith    .   (no shield)
rNeg     . . .     Spirit   .   h - +0 scale mail
rPois    .         Reflect  .   (no helmet)
rElec    .         Harm     .   (no cloak)
rCorr    .         Rampage  .   (no gloves)
Will     .....                  (no boots)
Stlth    +.........             (no amulet)
HPRegen  0.09/turn              (no ring)
MPRegen  0.08/turn              (no ring)

@: no status effects
A: no striking features
a: no special abilities


You were on level 3 of the Dungeon.
You visited 1 branch of the dungeon, and saw 3 of its levels.

Inventory:

Hand Weapons
 a - a +0 hand axe (weapon)
Armour
 b - a +0 leather armour
 h - a +0 scale mail (worn)
Wands
 g - a wand of digging (4)
Scrolls
 c - a scroll of fog
 e - 2 scrolls of fear
Potions
 f - a potion of haste


   Skills:
 + Level 3.8 Fighting
 * Level 3.3 Axes
 + Level 0.7 Armour
 - Level 1.5 Dodging
 - Level 4.1 Stealth


You had one spell level left.
You didn't know any spells.
Your spell library was empty.

Dungeon Overview and Level Annotations

Branches:
Dungeon (5/15)
 Temple: D:4-7

Altars:


Message History

You see here a wand of digging (1).
g - a wand of digging (4) (gained 1 charge)
A gnoll comes into view.
It is wielding a +0 whip. 2 gnolls come into view.
A gnoll is wielding a +3 spear of venom.
Found 7 stones.
Found a glowing yellow potion.
You see here a glowing yellow potion.
There are monsters nearby!
A goblin comes into view. It is wielding a +0 dagger.
The goblin shouts!
You hit the goblin.
The goblin is severely wounded.
The goblin hits you but does no damage.
You closely miss the goblin.
The goblin is severely wounded.
The goblin hits you with a +0 dagger.
You hit the goblin.
You kill the goblin!
Your scale mail prevents you from hitting the phantom.
The phantom hits you but does no damage.
You see here a +0 dagger.
As you read the scroll of magic mapping, it crumbles to dust.
You feel aware of your surroundings.
You sensed 1 altar.
The phantom hits you!
The phantom blinks!
You blink.
The gnoll hits you but does no damage.
A gnoll comes into view. It is wielding a +0 halberd.
The gnoll shouts!
The gnoll throws a throwing net.
The throwing net hits you.
You become entangled in the net!
You see here a throwing net.
You struggle against the net.
The phantom hits you. The gnoll hits you with a +0 whip.
You tear a large gash into the net.
The gnoll barely misses you. The phantom hits you!
* * * LOW HITPOINT WARNING * * *
The gnoll hits you but does no damage.
You rip the net and break free!
The gnoll barely misses you. The phantom hits you.
You die...

*,*,,,,,**,*** #.##.#.#
*,****#..,,* #.##.#W#
********,*
#..**########.##.#.#
,,,,,,,,,* #^.*
#.....##.##.#!# *,********
#..###.............. *,*
*...........##(#####
*,********** *#g###......##.#
*,,,,,,,<..####.###......##.#
*,*******#......@Wg.........#
*,* ######..g.......##.# *,*
#######.......# *,*
#........##.##### *,*
#.####..###..g.g. *,* #.*
#..# ####### *,* #.####..#
*,* #.......# ,,*
*****#.#####.#


You could see a phantom and 3 gnolls.

Levels and vault maps discovered:
D:3:      minmay_wonky_spiral, layout_loops_ring, nemelex_spade_bored_becter,
          uniq_terence
D:4:      layout_basic, nicolae_specific_store, hangedman_decor_lopped,
          uniq_blork_the_orc
D:5:      layout_loops_cross, kennysheep_generic_room_5, uniq_sigmund,
          uniq_menkaure

Notes
Turn   | Place    | Note
-------+----------+-------------------------------------------
     0 | D:5      | ABBCCCDDDD the Hill Orc Delver began the quest for the Orb.
     0 | D:5      | Reached XP level 1. HP: 19/19 MP: 1/1
     7 | D:4      | Noticed an iguana
    12 | D:5      | Noticed an orc wizard
    76 | D:4      | Noticed a scorpion
   252 | D:3      | Reached XP level 2. HP: 27/27 MP: 2/2
   305 | D:3      | Noticed a phantom
   366 | D:3      | Slain by a phantom

Table legend: (Time is in decaauts)
 A = Elapsed time spent in this place.
 B = Non-inter-level travel time spent in this place.
 C = Inter-level travel time spent in this place.
 D = Time resting spent in this place.
 E = Time spent auto-exploring this place.
 F = Levels seen in this place.
 G = Mean time per level.
                   A        B        C        D        E       F      G
               +--------+--------+--------+--------+--------+-----+--------+
         Total |    370 |    370 |      0 |    158 |     52 |   3 |  123.3 |
       Dungeon |    370 |    370 |      0 |    158 |     52 |   3 |  123.3 |
               +--------+--------+--------+--------+--------+-----+--------+

Top non-repeatable levels by time:
     D:4: 199 daAuts
     D:3: 158 daAuts
     D:5: 12 daAuts

Table legend:
 A = Kills in this place as a percentage of kills in entire the game.
 B = Kills by you in this place as a percentage of kills by you in the entire game.
 C = Kills by friends in this place as a percentage of kills by friends in the entire game.
 D = Other kills in this place as a percentage of other kills in the entire game.
 E = Experience gained in this place as a percentage of experience gained in the entire game.
 F = Experience gained in this place divided by the number of levels of this place that you have seen.
                   A       B       C       D       E      F
               +-------+-------+-------+-------+-------+----------------------
         Total | 100.0 | 100.0 |   N/A |   N/A | 100.0 |   5.3
       Dungeon | 100.0 | 100.0 |   N/A |   N/A | 100.0 |   5.3
               +-------+-------+-------+-------+-------+----------------------

Action                   || total
-------------------------++-------
Melee: Hand axe          ||    27
  Use: Scroll            ||     1
Armor: Scale mail        ||    14
       Leather armour    ||     2
Dodge: Dodged            ||    17

Vanquished Creatures
  A giant cockroach (D:3)
  A goblin (D:3)
  4 jackals (D:3)
  2 ball pythons
  A frilled lizard (D:3)
9 creatures vanquished.
